 Dungeon Crawl Stone Soup version 0.27.1-33-g824d729ab1 (webtiles) character file.

Game seed: 5669510480265485557

5249 safid the Severer (level 10, 0/83 HPs)
             Began as a Hill Orc Fighter on Dec 17, 2021.
             Was a Believer of Beogh.
             Slain by an orc warrior (22 damage)
             ... in a bailey.
             The game lasted 00:22:52 (8518 turns).

safid the Severer (Hill Orc Fighter)                Turns: 8518, Time: 00:22:53

Health: 0/83       AC: 18    Str: 29    XL:     10   Next: 62%
Magic:  10/10      EV:  9    Int:  8    God:    Beogh [**....]
Gold:   133        SH: 18    Dex: 10    Spells: 9/9 levels left

rFire    . . .     SeeInvis +   a - +0 war axe
rCold    . . .     Faith    .   c - +0 kite shield
rNeg     + . .     Spirit   .   y - +3 scale mail {rPois}
rPois    +         Reflect  +   g - +1 helmet {SInv}
rElec    .         Harm     .   G - +0 cloak
rCorr    .         Rampage  .   l - +0 pair of gloves
Will     .....                  e - +2 pair of boots {Stlth+}
Stlth    +.........             q - amulet of reflection
HPRegen  0.23/turn              d - +6 ring of strength
MPRegen  0.12/turn              D - ring of positive energy

@: studying Axes
A: no striking features
a: Renounce Religion, Smiting


You were in a bailey.
You worshipped Beogh.
Beogh was pleased with you.
You visited 1 branch of the dungeon, and saw 8 of its levels.
You also visited: Bailey.

You collected 331 gold pieces.
You spent 198 gold pieces at shops.

Inventory:

Hand Weapons
 a - a +0 war axe (weapon)
 B - a +2 battleaxe of flaming
Missiles
 j - 63 poisoned darts (quivered)
 r - 8 atropa-tipped darts
 x - 2 javelins
 I - 2 boomerangs of dispersal
Armour
 c - a +0 kite shield (worn)
 e - a +2 pair of boots of stealth (worn)
 g - a +1 helmet of see invisible (worn)
 l - a +0 pair of gloves (worn)
 y - a +3 scale mail of poison resistance (worn)
 C - the +1 ring mail of Watchfulness {Rampage rPois}
   (You bought it in a shop on level 2 of the Dungeon)

   rPois:     It protects you from poison.
   Rampage:   It bestows one free step when moving towards enemies.
 G - a +0 cloak (worn)
Jewellery
 d - a +6 ring of strength (left hand)
 h - a ring of fire
 q - an amulet of reflection (around neck)
 D - a ring of positive energy (right hand)
Wands
 s - a wand of acid (9)
 H - a wand of polymorph (6)
Scrolls
 b - 2 scrolls of fear
 f - 2 scrolls of noise {unknown}
 k - 4 scrolls of enchant armour
 n - 2 scrolls of amnesia {unknown}
 t - a scroll of blinking {unknown}
 u - 3 scrolls of teleportation {unknown}
 v - a scroll of holy word {unknown}
 w - 2 scrolls of vulnerability {unknown}
 F - 2 scrolls of immolation {unknown}
 J - a scroll of identify
Potions
 i - 4 potions of curing
 m - a potion of mutation {unknown}
 o - 3 potions of lignification {unknown}
 p - 6 potions of degeneration
 z - 2 potions of magic {unknown}
 A - a potion of invisibility {unknown}
 E - 2 potions of heal wounds {unknown}


   Skills:
 - Level 6.0 Fighting
 - Level 16.0 Axes
 - Level 6.0 Armour
 + Level 11.6 Shields


You had 9 spell levels left.
You didn't know any spells.
Your spell library contained the following spells:

 Spells                   Type           Power      Damage    Failure   Level
 Static Discharge         Conj/Air       0%         N/A       90%         2
 Ozocubu's Armour         Ice            0%         N/A       99%         3
 Lightning Bolt           Conj/Air       0%         1d11      100%        5
 Ozocubu's Refrigeration  Ice            0%         4d5       100%        7
 Maxwell's Capacitive Co  Air            0%         ∞         100%        8


Dungeon Overview and Level Annotations

Branches:
Dungeon (8/15)             Temple (0/1) D:6          Bailey (1/1)
   Lair: D:8-11

Altars:
Qazlal
Ru
Sif Muna
Uskayaw
Vehumet
The Shining One

Shops:
D:2 :[:[*

Annotations:
D:3 exclusion: statue


Message History

Unknown command.
You barely miss the orc warrior.
The orc warrior is almost dead.
The orc warrior hits you with a +0 halberd.
The orc warrior shoots a bolt.
You reflect the bolt off an invisible shield around you!
The bolt hits the orc warrior!!
You kill the orc warrior!
Beogh accepts your kill.
You closely miss the orc warrior.
The orc warrior is almost dead.
The orc knight hits you but does no damage.
The orc warrior closely misses you.
Unknown command.
You slash the orc warrior!
You kill the orc warrior!
Beogh accepts your kill.
The orc knight hits you from afar with a +0 trident!
Unknown command.
You block the orc knight's attack.
Throw: 65 darts (poison)
Press: ? - help, Q - select action, (/) - cycle Shift-Dir - straight line, f - orc knight
Aim: an orc knight, wielding a +0 trident and wearing a +0 chain mail (strong, 55% to hit)
You throw a poisoned dart.
The poisoned dart barely misses the orc knight.
The poisoned dart closely misses the orc warrior.
The orc knight barely misses you.
Throw: 64 darts (poison)
Press: ? - help, Q - select action, (/) - cycle Shift-Dir - straight line, f/p - orc knight
Aim: an orc knight, wielding a +0 trident and wearing a +0 chain mail (strong, 55% to hit)
You throw a poisoned dart.
The poisoned dart barely misses the orc knight.
The poisoned dart hits the orc warrior.
The orc warrior is poisoned.
The orc knight hits you from afar with a +0 trident.
The orc warrior hits you from afar with a +0 halberd!!
* * * LOW HITPOINT WARNING * * *
You block the orc knight's attack.
The orc warrior hits you from afar with a +0 halberd!!
You die...
Beogh appreciates the orc warrior's killing of a heretic priest.

## ##### ##∩##
####
....(##...##.)..
.≈≈≈(.#...#..≈≈≈
≈≈o≈≈.......≈≈(≈
≈.oo≈.......≈oo
≈≈o≈≈.o)....≈≈o
#..o# #.@.#
##∩## ###


You could see 2 orc knights, 2 orc warriors and an orc (strong).

Vanquished Creatures
  Psyche (D:8)
  3 wyverns
  6 yaks (D:8)
  2 steam dragons
  An acid dragon (D:8)
  3 water moccasins
  A black bear (D:4)
  An ice beast (D:6)
  5 orc warriors
  A necrophage (D:7)
  5 sky beasts
  2 centaurs
  An ogre (D:4)
  A phantom (D:6)
  Blork the orc (D:5)
  3 bullfrogs
  A gnoll sergeant (D:5)
  A water moccasin zombie (D:6)
  A scorpion (D:6)
  A wyvern skeleton (D:6)
  4 wights (D:8)
  A howler monkey (D:6)
  3 hounds
  2 orc priests
  2 jellies
  2 orc wizards (D:6)
  Terence (D:3)
  Jessica (D:2)
  A bullfrog skeleton (D:6)
  4 iguanas
  Ijyb (D:4)
  Natasha (thrice) (D:3)
  17 gnolls
  A howler monkey skeleton (D:7)
  2 shadow imps (D:6)
  3 ufetubi
  22 orcs
  6 endoplasms
  2 giant cockroaches
  10 goblins
  5 hobgoblins
  3 jackals (D:2)
  A quokka (D:2)
  4 ball pythons
  4 bats
  2 frilled lizards
  4 kobolds
  5 rats
157 creatures vanquished.

Vanquished Creatures (others)
  An orc priest (D:4)
  An orc wizard (D:4)
  An orc (D:4)
3 creatures vanquished.

Grand Total: 160 creatures vanquished

Notes
Turn   | Place    | Note
-------+----------+-------------------------------------------
     0 | D:1      | safid the Hill Orc Fighter began the quest for the Orb.
     0 | D:1      | Reached XP level 1. HP: 19/19 MP: 1/1
    20 | D:1      | Found a faded altar of an unknown god.
   349 | D:1      | Reached XP level 2. HP: 27/27 MP: 2/2
   368 | D:1      | Reached skill level 3 in Axes
   881 | D:2      | Found Wiydaeq's Antique Armour Emporium.
   968 | D:1      | Reached XP level 3. HP: 14/33 MP: 3/3
  1322 | D:2      | Reached XP level 4. HP: 37/40 MP: 4/4
  1336 | D:2      | Noticed Jessica
  1340 | D:2      | Killed Jessica
  1379 | D:2      | Found Geyntisu's Book Boutique.
  1401 | D:2      | Found Etacodu's Book Boutique.
  1428 | D:2      | Found Oblem's Antique Armour Emporium.
  1600 | D:2      | Found Apop's Assorted Antiques.
  1793 | D:3      | Reached skill level 4 in Axes
  1793 | D:3      | Reached XP level 5. HP: 31/47 MP: 5/5
  2059 | D:3      | Noticed Natasha
  2067 | D:3      | Killed Natasha
  2173 | D:3      | Noticed Natasha
  2182 | D:3      | Killed Natasha
  2266 | D:3      | Found a radiant altar of Vehumet.
  2266 | D:3      | Noticed a frost-covered statue
  2372 | D:3      | Noticed Terence
  2381 | D:3      | Killed Terence
  2481 | D:3      | Noticed Natasha
  2489 | D:3      | Killed Natasha
  2490 | D:3      | Reached skill level 5 in Fighting
  2490 | D:3      | Reached XP level 6. HP: 55/56 MP: 6/6
  2575 | D:4      | Noticed Ijyb
  2874 | D:4      | Noticed a black bear
  3110 | D:4      | Became a worshipper of Beogh the Brigand
  3563 | D:4      | Reached skill level 5 in Axes
  3979 | D:5      | Entered Level 5 of the Dungeon
  3989 | D:5      | Reached skill level 5 in Shields
  4083 | D:5      | Reached skill level 5 in Armour
  4085 | D:5      | Reached XP level 7. HP: 37/61 MP: 7/7
  4908 | D:4      | Killed Ijyb
  5156 | D:5      | HP: 3/63 [gnoll sergeant (9)]
  5160 | D:5      | Reached skill level 6 in Axes
  5588 | D:5      | Noticed Blork the orc
  5597 | D:5      | Killed Blork the orc
  5628 | D:5      | Found a sacrificial altar of Ru.
  5752 | D:5      | Found a hide-covered altar of Uskayaw.
  5867 | D:2      | Bought a twisted ring mail for 198 gold pieces
  5867 | D:2      | Identified the +1 ring mail of Watchfulness {Rampage rPois}
                  | (You bought it in a shop on level 2 of the Dungeon)
  5868 | D:2      | Identified 2 scrolls of acquirement
  5869 | D:2      | Acquired a manual of Axes
  5870 | D:2      | Acquired a +2 pair of boots of stealth
  5989 | D:6      | Reached XP level 8. HP: 68/70 MP: 8/8
  6056 | D:6      | Reached * piety under Beogh
  6119 | D:6      | Reached skill level 7 in Axes
  6517 | D:6      | Found a staircase to the Ecumenical Temple.
  6546 | D:6      | Reached skill level 8 in Axes
  6548 | D:6      | Reached skill level 9 in Axes
  6583 | D:6      | Noticed a wyvern
  6593 | D:6      | Killed a wyvern
  6596 | D:6      | Reached skill level 10 in Axes
  6678 | D:6      | Reached skill level 11 in Axes
  6678 | D:6      | Reached XP level 9. HP: 62/75 MP: 9/9
  7426 | D:7      | Reached skill level 12 in Axes
  7618 | D:7      | Reached skill level 13 in Axes
  7896 | D:7      | Found a stormy altar of Qazlal.
  8006 | D:8      | Found a glowing golden altar of the Shining One.
  8006 | D:8      | Found a shimmering blue altar of Sif Muna.
  8112 | D:8      | Noticed Psyche
  8119 | D:8      | Killed Psyche
  8120 | D:8      | Reached skill level 14 in Axes
  8120 | D:8      | Reached skill level 10 in Shields
  8120 | D:8      | Reached XP level 10. HP: 83/83 MP: 10/10
  8121 | D:8      | Reached ** piety under Beogh
  8231 | D:8      | Reached skill level 15 in Axes
  8379 | D:8      | Reached skill level 16 in Axes
  8489 | D:8      | Found a flagged portal.
  8501 | Bailey   | Entered a bailey
  8501 | Bailey   | Noticed an orc knight
  8509 | Bailey   | Noticed an orc knight
  8518 | Bailey   | Slain by an orc warrior

Illustrated notes

Levels and vault maps discovered:
D:1:      dpeg_arrival_subterranean_lakeside_camping, layout_basic,
          chequers_ecumenical_altar_island
D:2:      layout_rooms, serial_shops, shop, shop, nicolae_square_shop, shop,
          nicolae_shop_stone, uniq_jessica
D:3:      layout_rooms, vehumet_statue, minmay_misc_feat_x, uniq_terence,
          uniq_natasha
D:4:      layout_cave_pods, uniq_ijyb
D:5:      layout_cave_pools, general_overflow_altar, nicolae_uskayaw_suspiria,
          uniq_blork_the_orc
D:6:      minmay_octagon_keep, layout_cave_pods,
          minmay_temple_entry_enclosed_plants
D:7:      layout_gridville, overflow_temple_1_default, minmay_misc_feat_five
D:8:      layout_loops_corners, grunt_temple_overflow_open, enter_bailey_7,
          uniq_erica, uniq_psyche
Bailey:   bailey_polearm_4, bailey

Skill      XL: |  1  2  3  4  5  6  7  8  9 10 |
---------------+-------------------------------+-----
Axes           | 3 4 5 6 11 14 16 | 16.0
Fighting       | 4 5 6 |  6.0
Armour         | 4 5 6 |  6.0
Shields        | 4 5 8 10 11 | 11.6

Action                   |  1- 3 |  4- 6 |  7- 9 | 10-12 || total
-------------------------+-------+-------+-------+-------++-------
Melee: War axe           |    67 |   156 |   341 |   124 ||   688
Throw: Javelin           |       |     3 |       |       ||     3
       Dart              |       |     2 |    18 |     8 ||    28
Invok: Convert to Beogh  |       |     1 |       |       ||     1
  Use: Potion            |       |     1 |     2 |       ||     3
       Scroll            |       |       |     5 |       ||     5
Armor: Scale mail        |    30 |    63 |   121 |    21 ||   235
Dodge: Dodged            |    24 |    38 |    61 |    19 ||   142
Block: Kite shield       |    44 |   118 |   290 |    86 ||   538
       Reflection        |       |     1 |     8 |     7 ||    16
